TOP OF THE 1ST |
Calgary Lynx batting - Pitching for Tortolita Drummers : RHP Ricky Jackson
|
Pitching: RHP Ricky Jackson
|
|
Batting: RHB Álex Estrada
|
0-0: Ball 1-0: Ball 2-0: Swinging Strike 2-1: Called Strike 2-2: Strikes out swinging
|
Batting: LHB Sébastien Rolland
|
0-0: Fly out, F7 (Flyball, 7M)
|
Batting: RHB Jesús Martínez
|
0-0: Ball 1-0: Ball 2-0: Ball 3-0: Called Strike 3-1: Called Strike 3-2: Strikes out swinging
|
Top of the 1st over - 0 run(s), 0 hit(s), 0 error(s), 0 left on base; Calgary 0 - Tortolita 0 |
BOTTOM OF THE 1ST |
Tortolita Drummers batting - Pitching for Calgary Lynx : LHP Curtis Fields
|
Pitching: LHP Curtis Fields
|
|
Batting: SHB Juan Blanco
|
0-0: Ball 1-0: Swinging Strike 1-1: Ground out 6-3 (Groundball, 56)
|
Batting: SHB Dan Godwin
|
0-0: Called Strike 0-1: Fly out, F5 (Line Drive, 5)
|
Batting: RHB Bill Taylor
|
0-0: Fly out, F7 (Flyball, 78M)
|
Bottom of the 1st over - 0 run(s), 0 hit(s), 0 error(s), 0 left on base; Calgary 0 - Tortolita 0 |
TOP OF THE 2ND |
Calgary Lynx batting - Pitching for Tortolita Drummers : RHP Ricky Jackson
|
Batting: RHB Ramón Cabral
|
0-0: Ball 1-0: SINGLE (Line Drive, 9S)
|
Batting: RHB Hieu De
|
0-0: Foul Ball, location: 2F 0-1: Ball 1-1: Ball 2-1: Ball 3-1: Called Strike 3-2: Strikes out swinging
|
Batting: RHB José Carlos Ramos
|
0-0: Called Strike 0-1: Foul Ball, location: 2F 0-2: Ball 1-2: Foul Ball, location: 2F 1-2: Ball 2-2: Fly out, F8 (Line Drive, 78M)
|
Batting: RHB Joe Chase
|
0-0: Foul Ball, location: 2F 0-1: Called Strike 0-2: Fly out, F9 (Flyball, 9M)
|
Top of the 2nd over - 0 run(s), 1 hit(s), 0 error(s), 1 left on base; Calgary 0 - Tortolita 0 |
BOTTOM OF THE 2ND |
Tortolita Drummers batting - Pitching for Calgary Lynx : LHP Curtis Fields
|
Batting: LHB Pat McJannett
|
0-0: Fly out, F8 (Line Drive, 8LXD)
|
Batting: LHB Jim Unknown
|
0-0: Foul Ball, location: 2F 0-1: Ball 1-1: Ball 2-1: Called Strike 2-2: Foul Ball, location: 2F 2-2: Ball 3-2: Foul Ball, location: 2F 3-2: Base on Balls
|
Batting: LHB Mitchell Hansen
|
0-0: Ball 1-0: Swinging Strike 1-1: Called Strike 1-2: Ground out 4-3 (Groundball, 4M) Jim Unknown to second
|
Batting: RHB Robby Thomas
|
0-0: Ball 1-0: Ball Wild Pitch! Jim Unknown to third 2-0: 2-RUN HOME RUN (Flyball, 78XD), Distance : 409 ft
|
Batting: LHB Bill Burgess
|
0-0: Ball 1-0: Ball 2-0: Foul Ball, location: 2F 2-1: Ball 3-1: Foul Ball, location: 2F 3-2: Base on Balls
|
Batting: RHB Kevin Sanderson
|
0-0: Ground out 1-3 (Groundball, 15S)
|
Bottom of the 2nd over - 2 run(s), 1 hit(s), 0 error(s), 1 left on base; Calgary 0 - Tortolita 2 |
TOP OF THE 3RD |
Calgary Lynx batting - Pitching for Tortolita Drummers : RHP Ricky Jackson
|
Batting: LHB Eugene Henson
|
0-0: Bunt for hit - play at first, batter OUT! 1-3
|
Batting: RHB John Huff
|
0-0: Ball 1-0: Ball 2-0: Foul Ball, location: 2F 2-1: SINGLE (Line Drive, 8LS)
|
Batting: RHB Álex Estrada
|
0-0: Fielders Choice at 2nd, 4-6 (Groundball, 4)
|
Batting: LHB Sébastien Rolland
|
0-0: Ball Álex Estrada is caught stealing 2nd base
|
Top of the 3rd over - 0 run(s), 1 hit(s), 0 error(s), 0 left on base; Calgary 0 - Tortolita 2 |
BOTTOM OF THE 3RD |
Tortolita Drummers batting - Pitching for Calgary Lynx : LHP Curtis Fields
|
Batting: SHB Juan Blanco
|
0-0: SINGLE (Line Drive, 34D)
|
Batting: SHB Dan Godwin
|
0-0: Ball 1-0: SINGLE (Groundball, 6MD) Juan Blanco to second
|
Batting: RHB Bill Taylor
|
0-0: Called Strike 0-1: Called Strike 0-2: Foul Ball, location: 2F 0-2: Ground out 5-3 (Groundball, 5S) Juan Blanco to third Dan Godwin to second
|
Batting: LHB Pat McJannett
|
0-0: Ground out U3 (Groundball, 3S)
|
Batting: LHB Jim Unknown
|
0-0: Ball 1-0: Ball 2-0: Called Strike 2-1: Ball 3-1: SINGLE (Line Drive, 9S) Juan Blanco scores Dan Godwin to third Runner from 3rd tries for Home, SAFE, no throw or cutoff
|
Batting: LHB Mitchell Hansen
|
0-0: Ball 1-0: Called Strike 1-1: Ball 2-1: Foul Ball, location: 2F 2-2: Ground out 4-3 (Groundball, 4)
|
Bottom of the 3rd over - 2 run(s), 3 hit(s), 0 error(s), 1 left on base; Calgary 0 - Tortolita 4 |
TOP OF THE 4TH |
Calgary Lynx batting - Pitching for Tortolita Drummers : RHP Ricky Jackson
|
Batting: LHB Sébastien Rolland
|
0-0: Ball 1-0: Ball 2-0: Foul Ball, location: 2F 2-1: Foul Ball, location: 2F 2-2: Ball 3-2: Foul Ball, location: 2F 3-2: Strikes out swinging
|
Batting: RHB Jesús Martínez
|
0-0: Foul Ball, location: 2F 0-1: Fly out, F6 (Popup, 6MD)
|
Batting: RHB Ramón Cabral
|
0-0: Called Strike 0-1: Ball 1-1: Ball 2-1: Ball 3-1: Ground out 4-3 (Groundball, 4)
|
Top of the 4th over - 0 run(s), 0 hit(s), 0 error(s), 0 left on base; Calgary 0 - Tortolita 4 |
BOTTOM OF THE 4TH |
Tortolita Drummers batting - Pitching for Calgary Lynx : LHP Curtis Fields
|
Batting: RHB Robby Thomas
|
0-0: Foul Ball, location: 2F 0-1: Ball 1-1: Foul Ball, location: 2F 1-2: Ball 2-2: Ball 3-2: Foul Ball, location: 2F 3-2: Ground out 5-3 (Groundball, 56)
|
Batting: LHB Bill Burgess
|
0-0: Ball 1-0: Called Strike 1-1: Foul Ball, location: 2F 1-2: Ball 2-2: Ground out 4-3 (Groundball, 4)
|
Batting: RHB Kevin Sanderson
|
0-0: Foul Ball, location: 2F 0-1: Ball 1-1: Ground out 6-3 (Groundball, 6)
|
Bottom of the 4th over - 0 run(s), 0 hit(s), 0 error(s), 0 left on base; Calgary 0 - Tortolita 4 |
TOP OF THE 5TH |
Calgary Lynx batting - Pitching for Tortolita Drummers : RHP Ricky Jackson
|
Batting: RHB Hieu De
|
0-0: Ball 1-0: Ball 2-0: Ball 3-0: Base on Balls
|
Batting: RHB José Carlos Ramos
|
0-0: Called Strike 0-1: Called Strike 0-2: Ball 1-2: Ball 2-2: Foul Ball, location: 2F 2-2: Ball 3-2: Strikes out swinging Hieu De is caught stealing 2nd base Batter strikes out.
|
Batting: RHB Joe Chase
|
0-0: Fly out, F9 (Flyball, 9D)
|
Top of the 5th over - 0 run(s), 0 hit(s), 0 error(s), 0 left on base; Calgary 0 - Tortolita 4 |
BOTTOM OF THE 5TH |
Tortolita Drummers batting - Pitching for Calgary Lynx : LHP Curtis Fields
|
Batting: SHB Juan Blanco
|
0-0: Ball 1-0: Foul Ball, location: 2F 1-1: Fly out, F6 (Popup, 5D)
|
Batting: SHB Dan Godwin
|
0-0: SINGLE (Groundball, 34D)
|
Batting: RHB Bill Taylor
|
0-0: Ball Dan Godwin is caught stealing 2nd base 1-0: Fly out, F3 (Line Drive, 3L)
|
Bottom of the 5th over - 0 run(s), 1 hit(s), 0 error(s), 0 left on base; Calgary 0 - Tortolita 4 |
TOP OF THE 6TH |
Calgary Lynx batting - Pitching for Tortolita Drummers : RHP Ricky Jackson
|
Batting: LHB Eugene Henson
|
0-0: Ball 1-0: Ball Reached via error on a dropped throw, E3
|
Batting: RHB John Huff
|
0-0: Called Strike 0-1: Ball 1-1: Ball Eugene Henson steals 2nd base 2-1: 2-RUN HOME RUN (Flyball, 7D), Distance : 372 ft
|
Batting: RHB Álex Estrada
|
0-0: Ball 1-0: Ball 2-0: Swinging Strike 2-1: Swinging Strike 2-2: Strikes out looking
|
Batting: LHB Sébastien Rolland
|
0-0: Swinging Strike 0-1: Ball 1-1: Fly out, F7 (Line Drive, 78M)
|
Batting: RHB Jesús Martínez
|
0-0: Ball 1-0: SOLO HOME RUN (Flyball, 89XD), Distance : 429 ft
|
Batting: RHB Ramón Cabral
|
0-0: Ball 1-0: Ground out 5-3 (Groundball, 5L)
|
Top of the 6th over - 3 run(s), 2 hit(s), 1 error(s), 0 left on base; Calgary 3 - Tortolita 4 |
BOTTOM OF THE 6TH |
Tortolita Drummers batting - Pitching for Calgary Lynx : LHP Curtis Fields
|
Batting: LHB Pat McJannett
|
0-0: Foul Ball, location: 2F 0-1: Foul Ball, location: 2F 0-2: Ball 1-2: Fly out, F5 (Popup, 5F)
|
Batting: LHB Jim Unknown
|
0-0: Ball 1-0: Ground out 6-3 (Groundball, 6)
|
Batting: LHB Mitchell Hansen
|
0-0: Ball 1-0: Foul Ball, location: 2F 1-1: Ball 2-1: Ball 3-1: Hit by Pitch
|
Batting: RHB Robby Thomas
|
0-0: Ball 1-0: Ball 2-0: Fly out, F7 (Flyball, 7S)
|
Bottom of the 6th over - 0 run(s), 0 hit(s), 0 error(s), 1 left on base; Calgary 3 - Tortolita 4 |
TOP OF THE 7TH |
Calgary Lynx batting - Pitching for Tortolita Drummers : RHP Ricky Jackson
|
Batting: RHB Hieu De
|
0-0: Ball 1-0: Ball 2-0: Called Strike 2-1: Foul Ball, location: 2F 2-2: Strikes out swinging
|
Batting: RHB José Carlos Ramos
|
0-0: Ball 1-0: Ground out 5-3 (Groundball, 5)
|
Batting: RHB Joe Chase
|
0-0: Foul Ball, location: 2F 0-1: Called Strike 0-2: Strikes out looking
|
Top of the 7th over - 0 run(s), 0 hit(s), 0 error(s), 0 left on base; Calgary 3 - Tortolita 4 |
BOTTOM OF THE 7TH |
Tortolita Drummers batting - Pitching for Calgary Lynx : LHP Curtis Fields
|
Batting: LHB Bill Burgess
|
0-0: Ball 1-0: Called Strike 1-1: Foul Ball, location: 2F 1-2: SINGLE (Groundball, 4M)
|
Batting: RHB Kevin Sanderson
|
0-0: Sac Bunt - play at first, batter OUT! 1-4 Bill Burgess to second
|
Batting: SHB Juan Blanco
|
0-0: Hit by Pitch
|
Batting: SHB Dan Godwin
|
0-0: Ball 1-0: Ball 2-0: Called Strike 2-1: Ball 3-1: Foul Ball, location: 2F 3-2: Foul Ball, location: 2F 3-2: TRIPLE (Line Drive, 89M) Bill Burgess scores Juan Blanco scores
|
Pitching: LHP Alonso García
|
|
Batting: RHB Bill Taylor
|
0-0: Ball 1-0: Ground out 6-3 (Groundball, 6)
|
Batting: LHB Pat McJannett
|
0-0: Ball 1-0: Ball 2-0: Fly out, F7 (Flyball, 78M)
|
Bottom of the 7th over - 2 run(s), 2 hit(s), 0 error(s), 1 left on base; Calgary 3 - Tortolita 6 |
TOP OF THE 8TH |
Calgary Lynx batting - Pitching for Tortolita Drummers : RHP Ricky Jackson
|
Batting: LHB Eugene Henson
|
0-0: Ground out 4-3 (Groundball, 4)
|
Batting: RHB John Huff
|
0-0: Ball 1-0: Ball 2-0: Ball 3-0: Called Strike 3-1: Foul Ball, location: 2F 3-2: Foul Ball, location: 2F 3-2: Foul Ball, location: 2F 3-2: Fly out, F8 (Line Drive, 8LM)
|
Batting: RHB Álex Estrada
|
0-0: Swinging Strike 0-1: Fly out, F4 (Line Drive, 4)
|
Top of the 8th over - 0 run(s), 0 hit(s), 0 error(s), 0 left on base; Calgary 3 - Tortolita 6 |
BOTTOM OF THE 8TH |
Tortolita Drummers batting - Pitching for Calgary Lynx : LHP Alonso García
|
Batting: LHB Jim Unknown
|
0-0: SINGLE (Line Drive, 8RS)
|
Batting: LHB Mitchell Hansen
|
0-0: Bunted foul 0-1: Sac Bunt - play at first, batter OUT! 5-4 Jim Unknown to second
|
Batting: RHB Robby Thomas
|
0-0: Intentional Walk
|
Batting: LHB Bill Burgess
|
0-0: Called Strike 0-1: Swinging Strike 0-2: Ball 1-2: Foul Ball, location: 2F 1-2: Fly out, F9 (Flyball, 89M)
|
Batting: RHB Kevin Sanderson
|
0-0: Called Strike 0-1: Fly out, F9 (Flyball, 89M)
|
Bottom of the 8th over - 0 run(s), 1 hit(s), 0 error(s), 2 left on base; Calgary 3 - Tortolita 6 |
TOP OF THE 9TH |
Calgary Lynx batting - Pitching for Tortolita Drummers : RHP Ricky Jackson
|
Pitching: LHP Jason Horne
|
|
Batting: LHB Sébastien Rolland
|
0-0: Fly out, F4 (Line Drive, 4)
|
Batting: RHB Jesús Martínez
|
0-0: DOUBLE (Groundball, 5L)
|
Batting: RHB Ramón Cabral
|
0-0: Ball 1-0: Fly out, F8 (Flyball, 78S)
|
Batting: RHB Hieu De
|
0-0: Called Strike 0-1: Ball 1-1: Swinging Strike 1-2: DOUBLE (Line Drive, 9LM) Jesús Martínez scores
|
Batting: RHB José Carlos Ramos
|
0-0: Called Strike 0-1: Ball 1-1: Ball 2-1: Foul Ball, location: 2F 2-2: Ball 3-2: Base on Balls
|
Pinch Hitting: RHB David Ramírez
|
0-0: Swinging Strike 0-1: Ball 1-1: Foul Ball, location: 2F 1-2: Foul Ball, location: 2F 1-2: Ball 2-2: Ball 3-2: Fly out, F7 (Line Drive, 7M)
|
Top of the 9th over - 1 run(s), 2 hit(s), 0 error(s), 2 left on base; Calgary 4 - Tortolita 6 |
|